MWL (24 & UNDER)
MINNESOTA DEATH STARS @ LITTLE ROCK LEMMIWINKS
09/08/2029
 
TOP OF THE 1ST
Minnesota Death Stars batting - Pitching for Little Rock Lemmiwinks : RHP Greg Yager
Pitching: RHP Greg Yager
Batting: RHB Lou Hammond 0-0: Ball
1-0: Ball
2-0: Single, Error in OF, E9, batter to second base
Batting: RHB Sidney Smith 0-0: Ball
1-0: Ball
2-0: Ball
3-0: Base on Balls
Batting: RHB Manuel Cintrón 0-0: Ground out 3-1 (Groundball, 34S)
Lou Hammond to third
Sidney Smith to second
Batting: LHB Larry Wright 0-0: Ball
1-0: Foul Ball, location: 2F
1-1: Ball
2-1: Foul Ball, location: 2F
2-2: Ground out 1-4-3 (Groundball, 15S)
Lou Hammond scores
Sidney Smith to third
Batting: RHB Pat McDonald 0-0: Ball
1-0: Foul Ball, location: 2F
1-1: Ball
2-1: Ball
3-1: DOUBLE (Flyball, 78D)
Sidney Smith scores
Batting: LHB Júlio Córdova 0-0: Ball
1-0: Foul Ball, location: 2F
1-1: Swinging Strike
1-2: Foul Ball, location: 2F
1-2: Ball
2-2: Strikes out swinging
Top of the 1st over - 2 runs, 2 hits, 1 error, 1 left on base; Minnesota 2 - Little Rock 0
BOTTOM OF THE 1ST
Little Rock Lemmiwinks batting - Pitching for Minnesota Death Stars : LHP Wessel Timmermans
Pitching: LHP Wessel Timmermans
Batting: LHB Cisco Salazar 0-0: Called Strike
0-1: Foul Ball, location: 2F
0-2: SINGLE (Line Drive, 78S)
Batting: LHB Manny Robles 0-0: Foul Ball, location: 2F
0-1: Ball
1-1: SINGLE (Groundball, 34) (infield hit)
Cisco Salazar to second
Batting: RHB Roberto Valdéz 0-0: Ball
1-0: Ball
2-0: Ball
3-0: Called Strike
3-1: Fly out, F8 (Flyball, 8LS)
Batting: RHB Germán Vargas 0-0: Ball
1-0: Ball
2-0: Called Strike
2-1: Ball
3-1: Base on Balls
Cisco Salazar to third
Manny Robles to second
Batting: RHB Kokaji Ridha 0-0: Ball
1-0: DOUBLE (Line Drive, 89D)
Cisco Salazar scores
Manny Robles scores
Germán Vargas to third
Runner from 3rd tries for Home, SAFE, no throw
Batting: RHB Júlio Colón 0-0: Ball
1-0: Foul Ball, location: 2F
1-1: Called Strike
Kokaji Ridha steals 3rd base
1-2: Strikes out swinging
Batting: RHB Palmer Frazier 0-0: Ground out 5-3 (Groundball, 5S)
Bottom of the 1st over - 3 runs, 3 hits, 0 errors, 1 left on base; Minnesota 2 - Little Rock 3
TOP OF THE 2ND
Minnesota Death Stars batting - Pitching for Little Rock Lemmiwinks : RHP Greg Yager
Batting: RHB José Rosales 0-0: Ball
1-0: Ball
2-0: Called Strike
2-1: Ball
3-1: Ball
Batting: LHB Jamie Walker 0-0: Called Strike
0-1: Ball
1-1: Swinging Strike
1-2: Fielders Choice at 2nd, 4-6 (Groundball, 4)
Batting: LHB Doyle Price 0-0: Ball
1-0: Called Strike
1-1: Ball
2-1: Foul Ball, location: 2F
2-2: Strikes out swinging
Batting: RHB Lou Hammond 0-0: Foul Ball, location: 2F
0-1: SINGLE (Groundball, 56D)
Jamie Walker to second
Batting: RHB Sidney Smith 0-0: Called Strike
0-1: Fielders Choice at 2nd, 5-4 (Groundball, 56)
Top of the 2nd over - 0 runs, 1 hit, 0 errors, 2 left on base; Minnesota 2 - Little Rock 3
BOTTOM OF THE 2ND
Little Rock Lemmiwinks batting - Pitching for Minnesota Death Stars : LHP Wessel Timmermans
Batting: RHB José Rodríguez 0-0: Called Strike
0-1: Ground out 4-3 (Groundball, 4S)
Batting: RHB Norberto Gallardo 0-0: SINGLE (Line Drive, 7LM)
Batting: LHB Cisco Salazar 0-0: Foul Ball, location: 2F
0-1: Fly out, F8 (Flyball, 8RD)
Batting: LHB Manny Robles 0-0: Called Strike
0-1: Ball
1-1: Foul Ball, location: 2F
1-2: Ball
2-2: SINGLE (Line Drive, 8LS)
Norberto Gallardo to second
Batting: RHB Roberto Valdéz 0-0: Called Strike
0-1: Ball
1-1: Fielders Choice at 2nd, 6-4 (Groundball, 6)
Bottom of the 2nd over - 0 runs, 2 hits, 0 errors, 2 left on base; Minnesota 2 - Little Rock 3
TOP OF THE 3RD
Minnesota Death Stars batting - Pitching for Little Rock Lemmiwinks : RHP Greg Yager
Batting: RHB Manuel Cintrón 0-0: Ball
1-0: Called Strike
1-1: Ball
2-1: Foul Ball, location: 2F
2-2: Strikes out looking
Batting: LHB Larry Wright 0-0: Called Strike
0-1: Foul Ball, location: 2F
0-2: Ball
1-2: Foul Ball, location: 2F
1-2: Ball
2-2: Foul Ball, location: 2F
2-2: Foul Ball, location: 2F
2-2: Ball
3-2: Ground out 5-3 (Groundball, 5)
Batting: RHB Pat McDonald 0-0: Ball
1-0: Ball
2-0: Called Strike
2-1: Ball
3-1: Fly out, F9 (Flyball, 89S)
Top of the 3rd over - 0 runs, 0 hits, 0 errors, 0 left on base; Minnesota 2 - Little Rock 3
BOTTOM OF THE 3RD
Little Rock Lemmiwinks batting - Pitching for Minnesota Death Stars : LHP Wessel Timmermans
Batting: RHB Germán Vargas 0-0: SINGLE (Groundball, 34D)
Batting: RHB Kokaji Ridha 0-0: Called Strike
0-1: Foul Ball, location: 2F
0-2: Ball
1-2: Strikes out swinging
Batting: RHB Júlio Colón 0-0: Ball
1-0: Swinging Strike
1-1: Called Strike
1-2: Ball
2-2: Grounds into double play, 6-4-3 (Groundball, 6)
Bottom of the 3rd over - 0 runs, 1 hit, 0 errors, 0 left on base; Minnesota 2 - Little Rock 3
TOP OF THE 4TH
Minnesota Death Stars batting - Pitching for Little Rock Lemmiwinks : RHP Greg Yager
Batting: LHB Júlio Córdova 0-0: SINGLE (Groundball, 34D)
Batting: RHB José Rosales 0-0: Ball
1-0: Ball
2-0: Ball
3-0: Base on Balls
Júlio Córdova to second
Batting: LHB Jamie Walker 0-0: Ball
1-0: Foul Ball, location: 2F
1-1: Called Strike
1-2: Foul Ball, location: 2F
1-2: Foul Ball, location: 2F
1-2: Ball
2-2: Strikes out swinging
Batting: LHB Doyle Price 0-0: Ball
Júlio Córdova steals 3rd base
José Rosales to second
1-0: Ball
2-0: Ball
3-0: Called Strike
3-1: Base on Balls
Batting: RHB Lou Hammond 0-0: Fly out, F4 (Line Drive, 4)
Batting: RHB Sidney Smith 0-0: Called Strike
0-1: Fly out, F8 (Flyball, 8RM)
Top of the 4th over - 0 runs, 1 hit, 0 errors, 3 left on base; Minnesota 2 - Little Rock 3
BOTTOM OF THE 4TH
Little Rock Lemmiwinks batting - Pitching for Minnesota Death Stars : LHP Wessel Timmermans
Batting: RHB Palmer Frazier 0-0: Called Strike
0-1: SOLO HOME RUN (Flyball, 7LD), Distance : 341 ft
Batting: RHB José Rodríguez 0-0: Fly out, F5 (Line Drive, 56)
Batting: RHB Norberto Gallardo 0-0: Ball
1-0: Swinging Strike
1-1: Called Strike
1-2: Ground out 6-3 (Groundball, 6)
Batting: LHB Cisco Salazar 0-0: Called Strike
0-1: Ball
1-1: Ball
2-1: Ball
3-1: Fly out, F7 (Flyball, 7D)
Bottom of the 4th over - 1 run, 1 hit, 0 errors, 0 left on base; Minnesota 2 - Little Rock 4
TOP OF THE 5TH
Minnesota Death Stars batting - Pitching for Little Rock Lemmiwinks : RHP Greg Yager
Batting: RHB Manuel Cintrón 0-0: Ball
1-0: Fly out, F8 (Flyball, 78D)
Batting: LHB Larry Wright 0-0: Called Strike
0-1: Ball
1-1: Foul Ball, location: 2F
1-2: Ball
2-2: Foul Ball, location: 2F
2-2: Ball
3-2: Ground out 6-3 (Groundball, 6)
Batting: RHB Pat McDonald 0-0: Called Strike
0-1: Ball
1-1: SOLO HOME RUN (Flyball, 7LD), Distance : 362 ft
Batting: LHB Júlio Córdova 0-0: SINGLE (Line Drive, 8RM)
Batting: RHB José Rosales 0-0: Ball
Júlio Córdova is caught stealing 2nd base
Top of the 5th over - 1 run, 2 hits, 0 errors, 0 left on base; Minnesota 3 - Little Rock 4
BOTTOM OF THE 5TH
Little Rock Lemmiwinks batting - Pitching for Minnesota Death Stars : LHP Wessel Timmermans
Batting: LHB Manny Robles 0-0: Ground out 6-3 (Groundball, 6)
Batting: RHB Roberto Valdéz 0-0: Called Strike
0-1: Ball
1-1: Swinging Strike
1-2: Ground out 5-3 (Groundball, 56S)
Batting: RHB Germán Vargas 0-0: Ball
1-0: Ball
2-0: Reached on error, E8 (Flyball, 8RM)
Batting: RHB Kokaji Ridha 0-0: Ball
1-0: Called Strike
1-1: SINGLE (Line Drive, 3D)
Germán Vargas to third
Batting: RHB Júlio Colón 0-0: Ball
1-0: Fly out, F3 (Popup, 3SF)
Bottom of the 5th over - 0 runs, 1 hit, 1 error, 2 left on base; Minnesota 3 - Little Rock 4
TOP OF THE 6TH
Minnesota Death Stars batting - Pitching for Little Rock Lemmiwinks : RHP Greg Yager
Batting: RHB José Rosales 0-0: Bunt for hit - play at first, batter OUT! 1-3
Batting: LHB Jamie Walker 0-0: Called Strike
0-1: Called Strike
0-2: Strikes out swinging
Batting: LHB Doyle Price 0-0: Ground out U3 (Groundball, 3L)
Top of the 6th over - 0 runs, 0 hits, 0 errors, 0 left on base; Minnesota 3 - Little Rock 4
BOTTOM OF THE 6TH
Little Rock Lemmiwinks batting - Pitching for Minnesota Death Stars : LHP Wessel Timmermans
Batting: RHB Palmer Frazier 0-0: Called Strike
0-1: Ball
1-1: Ball
2-1: Swinging Strike
2-2: Strikes out looking
Batting: RHB José Rodríguez 0-0: Ball
1-0: Ball
2-0: SINGLE (Flyball, 9S)
Batting: RHB Norberto Gallardo 0-0: Called Strike
0-1: Ball
1-1: Ball
2-1: Swinging Strike
2-2: Fly out, F7 (Flyball, 7S)
Batting: LHB Cisco Salazar 0-0: Called Strike
José Rodríguez steals 2nd base
0-1: Ball
1-1: Foul Ball, location: 2F
1-2: Foul Ball, location: 2F
1-2: SINGLE (Groundball, 6MD)
José Rodríguez to third
Runner from 3rd tries for Home, SAFE, no throw
Batting: LHB Manny Robles 0-0: Ball
1-0: Ball
2-0: Called Strike
2-1: Ball
3-1: Called Strike
3-2: Strikes out swinging
Bottom of the 6th over - 1 run, 2 hits, 0 errors, 1 left on base; Minnesota 3 - Little Rock 5
TOP OF THE 7TH
Minnesota Death Stars batting - Pitching for Little Rock Lemmiwinks : RHP Greg Yager
Batting: RHB Lou Hammond 0-0: Called Strike
0-1: Ball
1-1: Ball
2-1: Called Strike
2-2: Ball
3-2: Reached on error, E6 (Groundball, 6)
Pitching: RHP António Ángel
Batting: RHB Sidney Smith 0-0: Ball
1-0: Called Strike
1-1: Ball
2-1: Foul Ball, location: 2F
2-2: Foul Ball, location: 2F
2-2: Ball
3-2: SINGLE (Groundball, 5D)
Lou Hammond to second
Batting: RHB Manuel Cintrón 0-0: Called Strike
0-1: Ball
1-1: Called Strike
1-2: Strikes out looking
Batting: LHB Larry Wright 0-0: Ball
1-0: Fly out, F8 (Flyball, 89M)
Batting: RHB Pat McDonald 0-0: Ball
1-0: Ball
2-0: 3-RUN HOME RUN (Flyball, 7LD), Distance : 360 ft
Batting: LHB Júlio Córdova 0-0: SINGLE (Groundball, 4S) (infield hit)
Batting: RHB José Rosales 0-0: Ball
1-0: Ball
2-0: Swinging Strike
2-1: Swinging Strike
2-2: Ball
3-2: Foul Ball, location: 2F
3-2: Foul Ball, location: 2F
3-2: Ground out 6-3 (Groundball, 6S)
Top of the 7th over - 3 runs, 3 hits, 1 error, 1 left on base; Minnesota 6 - Little Rock 5
BOTTOM OF THE 7TH
Little Rock Lemmiwinks batting - Pitching for Minnesota Death Stars : LHP Wessel Timmermans
Pitching: LHP José Sánchez
Batting: RHB Roberto Valdéz 0-0: Ball
1-0: Foul Ball, location: 2F
1-1: Foul Ball, location: 2F
1-2: Strikes out swinging
Batting: RHB Germán Vargas 0-0: Ball
1-0: Ball
2-0: Swinging Strike
2-1: Ball
3-1: Foul Ball, location: 2F
3-2: SINGLE (Groundball, 34D)
Batting: RHB Kokaji Ridha 0-0: Called Strike
0-1: Foul Ball, location: 2F
0-2: Strikes out looking
Batting: RHB Júlio Colón 0-0: Fly out, F8 (Flyball, 8RS)
Bottom of the 7th over - 0 runs, 1 hit, 0 errors, 1 left on base; Minnesota 6 - Little Rock 5
TOP OF THE 8TH
Minnesota Death Stars batting - Pitching for Little Rock Lemmiwinks : RHP António Ángel
Batting: LHB Jamie Walker 0-0: Foul Ball, location: 2F
0-1: Swinging Strike
0-2: Strikes out looking
Pitching: LHP Tom Martin
Batting: LHB Doyle Price 0-0: Ball
1-0: Ball
2-0: Swinging Strike
2-1: Foul Ball, location: 2F
2-2: Strikes out looking
Batting: RHB Lou Hammond 0-0: Foul Ball, location: 2F
0-1: Ball
1-1: Swinging Strike
1-2: Foul Ball, location: 2F
1-2: Strikes out swinging
Top of the 8th over - 0 runs, 0 hits, 0 errors, 0 left on base; Minnesota 6 - Little Rock 5
BOTTOM OF THE 8TH
Little Rock Lemmiwinks batting - Pitching for Minnesota Death Stars : LHP José Sánchez
Batting: RHB Palmer Frazier 0-0: Called Strike
0-1: Ball
1-1: Ground out 4-3 (Groundball, 4)
Batting: RHB José Rodríguez 0-0: Ball
1-0: Swinging Strike
1-1: Foul Ball, location: 2F
1-2: Ball
2-2: Fly out, F7 (Line Drive, 7)
Batting: RHB Norberto Gallardo 0-0: Ball
1-0: Ball
2-0: Foul Ball, location: 2F
2-1: Ground out 6-3 (Groundball, 6)
Bottom of the 8th over - 0 runs, 0 hits, 0 errors, 0 left on base; Minnesota 6 - Little Rock 5
TOP OF THE 9TH
Minnesota Death Stars batting - Pitching for Little Rock Lemmiwinks : LHP Tom Martin
Pitching: LHP Rubén López
Batting: RHB Sidney Smith 0-0: Ball
1-0: Ball
2-0: Called Strike
2-1: Ground out 5-3 (Groundball, 56)
Batting: RHB Manuel Cintrón 0-0: Foul Ball, location: 2F
0-1: Swinging Strike
0-2: Fly out, F8 (Flyball, 8RD)
Batting: LHB Larry Wright 0-0: Ball
1-0: Foul Ball, location: 2F
1-1: Foul Ball, location: 2F
1-2: Foul Ball, location: 2F
1-2: Ball
2-2: SOLO HOME RUN (Flyball, 89XD), Distance : 410 ft
Batting: RHB Pat McDonald 0-0: Ball
1-0: Ball
2-0: Foul Ball, location: 2F
2-1: Ball
3-1: Called Strike
3-2: Base on Balls
Batting: LHB Júlio Córdova 0-0: Ground out 4-3 (Groundball, 4)
Top of the 9th over - 1 run, 1 hit, 0 errors, 1 left on base; Minnesota 7 - Little Rock 5
BOTTOM OF THE 9TH
Little Rock Lemmiwinks batting - Pitching for Minnesota Death Stars : LHP José Sánchez
Pitching: RHP Carlos Hernández
Batting: LHB Cisco Salazar 0-0: Ball
1-0: Called Strike
1-1: Foul Ball, location: 2F
1-2: Strikes out swinging
Batting: LHB Manny Robles 0-0: Called Strike
0-1: Called Strike
0-2: Ground out 4-3 (Groundball, 4)
Batting: RHB Roberto Valdéz 0-0: Fly out, F4 (Popup, 13)
Bottom of the 9th over - 0 runs, 0 hits, 0 errors, 0 left on base; Minnesota 7 - Little Rock 5
Saturday, December 16th, 2017 - OOTP Baseball 18.8 Build 76